 Dungeon Crawl Stone Soup version 0.23.2-1-ga50397a6bc (webtiles) character file.

Game seed: 6405006150565315015

58 MisterOstroum the Charmwright (level 4, 0/23 HPs)
             Began as a Vine Stalker Skald on Apr 29, 2019.
             Was an Initiate of Okawaru.
             Succumbed to a scorpion's poison
             ... on level 3 of the Dungeon.
             The game lasted 00:04:48 (2181 turns).

MisterOstroum the Charmwright (Vine Stalker Skald)  Turns: 2181, Time: 00:04:48

Health: 0/23       AC:  4    Str: 13    XL:     4   Next: 2%
Magic:  5/9        EV: 12    Int: 14    God:    Okawaru [......]
Gold:   93         SH:  0    Dex: 14    Spells: 2/8 levels left

rFire    . . .     SeeInvis .   a - +0 falchion
rCold    . . .     Gourm    .   (no shield)
rNeg     . . .     Faith    .   t - +0 robe
rPois    .         Spirit   +   (no helmet)
rElec    .         Reflect  .   (no cloak)
rCorr    .         Harm     .   (no gloves)
MR       .....     Rnd*Rage +   (no boots)
Stlth    +.........             (no amulet)
HPRegen  0.47/turn              (no ring)
MPRegen  0.11/turn              (no ring)

@: lethally poisoned (0 -> -11), hasted, very quick
A: fangs 2, icy blue scales 1, berserk 1, regeneration 1, magic shield,
antimagic bite, no potion heal 3, rot immunity
a: Renounce Religion


You were on level 3 of the Dungeon.
You worshipped Okawaru.
Okawaru was noncommittal.
You were not hungry.

You visited 1 branch of the dungeon, and saw 3 of its levels.

You collected 93 gold pieces.

Inventory:

Hand Weapons
 a - a +0 falchion (weapon)
 b - a +0 hunting sling
Missiles
 g - 39 stones (quivered)
 n - 9 sling bullets
 w - 10 poisoned needles
Armour
 h - a +0 ring mail
 t - a +0 robe (worn)
 z - a cursed +0 plate armour
 A - a +0 leather armour
Jewellery
 i - an uncursed amulet of regeneration {unknown}
 o - an uncursed ring of protection from cold {unknown}
 q - an uncursed amulet of guardian spirit {unknown}
Scrolls
 c - a scroll of amnesia {unknown}
 f - 2 scrolls of teleportation {unknown}
 k - 4 scrolls of remove curse {unknown}
 l - a scroll of enchant weapon {unknown}
 s - a scroll of blinking {unknown}
 v - a scroll of immolation {unknown}
 x - a scroll of enchant armour {unknown}
 y - a scroll of identify {unknown}
Potions
 m - a potion of lignification {unknown}
 p - a potion of curing {unknown}
Comestibles
 e - 4 rations


   Skills:
 - Level 1.7 Fighting
 * Level 2.9 Long Blades
 - Level 0.7 Armour
 - Level 1.5 Dodging
 + Level 2.8 Spellcasting
 + Level 3.5 Charms


You had 2 spell levels left.
You knew the following spells:

 Your Spells              Type           Power        Failure   Level  Hunger
a - Infusion              Chrm           ##..         5%          1    #......
b - Song of Slaying       Chrm           ##......     8%          2    ###....
c - Spectral Weapon       Hex/Chrm       #.......     32%         3    ###....

Your spell library contained the following spells:

 Spells                   Type           Power        Failure   Level  Hunger
 Shroud of Golubria       Chrm/Tloc      #.........   16%         2    ###....
 Regeneration             Chrm/Necr      #.........   32%         3    ###....


Dungeon Overview and Level Annotations

Branches:
Dungeon (3/15)

Altars:
Cheibriados
Okawaru

Annotations:
D:2 1 runed translucent door, Crazy Yiuf


Innate Abilities, Weirdness & Mutations

You have extremely sharp teeth.
Your natural rate of healing is unusually fast.
When hurt, damage is shared between your health and your magic reserves.
Your bite disrupts and absorbs the magic of your enemies.
Potions cannot restore your health.
You are immune to rotting.
You are partially covered in icy blue scales. (AC +2)
You tend to lose your temper in combat.


Message History

You barely miss the goblin.
The goblin is moderately wounded.
The goblin hits you.
You closely miss the goblin.
The goblin is moderately wounded.
The goblin hits you.
You completely miss the goblin. You bite the goblin. You drain its power.
You feel invigorated.
The goblin is heavily wounded.
The goblin misses you.
You slash the goblin!
You kill the goblin!
Okawaru accepts your kill.
You have reached level 4!
You feel agile.
You begin to heal more quickly.
g - 36 stones (gained 21)
You see here a +0 hunting sling.
A - a +0 hunting sling You drop a hunting sling.
Adjust to which letter? (? for menu, Esc to quit)
b - a +0 hunting sling;
A - a +0 leather armour
g - 38 stones (gained 2)
g - 39 stones (gained 1)
A scorpion comes into view.
A frilled lizard and a bat come into view.
The frilled lizard hisses angrily.
The frilled lizard barely misses you.
You barely miss the frilled lizard. You bite the frilled lizard.
You kill the frilled lizard!
Okawaru accepts your kill.
You hit the scorpion.
The scorpion is lightly wounded.
The scorpion stings you.
You hit the scorpion but do no damage. You bite the scorpion.
You drain its power.
You feel invigorated.
The scorpion is moderately wounded.
The bat hits you. The scorpion barely misses you.
You barely miss the scorpion.
The scorpion is moderately wounded.
The bat hits you but does no damage. The scorpion barely misses you.
You barely miss the scorpion.
The scorpion is moderately wounded.
The bat hits you but does no damage. The scorpion barely misses you.
You hit the scorpion but do no damage.
You bite the scorpion, but do no damage.
The scorpion is moderately wounded.
The bat hits you but does no damage. The scorpion barely misses you.
You riposte.
You closely miss the scorpion.
The scorpion is moderately wounded.
You closely miss the scorpion.
The scorpion is moderately wounded.
The bat hits you. The scorpion stings you.
You are poisoned.
The scorpion poisons you!
You hit the scorpion but do no damage.
You bite the scorpion, but do no damage.
The scorpion is moderately wounded.
You feel sick. The bat closely misses you.
You riposte.
You closely miss the bat. The scorpion stings you.
All of the chunks of flesh in your inventory have rotted away.
You barely miss the scorpion. Your bite misses the scorpion.
The scorpion is moderately wounded.
You feel sick. The bat closely misses you. The scorpion stings you.
You are more poisoned.
The scorpion poisons you!
You barely miss the scorpion. Your bite misses the scorpion.
The scorpion is moderately wounded.
You feel sick. The scorpion barely misses you. The scorpion stings you!
You are lethally poisoned!
The scorpion poisons you!
You are too injured to fight recklessly!
You are too injured to fight recklessly!
You are too injured to fight recklessly!
You are too injured to fight recklessly!
You are too injured to fight recklessly!
You are too injured to fight recklessly!
You are too injured to fight recklessly!
You are too injured to fight recklessly!
You are too injured to fight recklessly!
You are too injured to fight recklessly!
You are too injured to fight recklessly!
You are too injured to fight recklessly!
You are too injured to fight recklessly!
You feel very sick. The bat hits you but does no damage.
* * * LOW HITPOINT WARNING * * *
You feel sick. The bat barely misses you.
You riposte.
You hit the bat.
The bat is moderately wounded.
* * * LOW HITPOINT WARNING * * *
You feel sick. The bat barely misses you.
* * * LOW HITPOINT WARNING * * *
You feel sick. The bat hits you but does no damage.
It was a potion of mutation.
You feel extremely strange.
You feel a little pissed off.
Icy blue scales grow over part of your body.
* * * LOW HITPOINT WARNING * * *
You feel sick. The bat hits you but does no damage. x2
It was a potion of haste.
You feel yourself speed up.
You die...

#.. #..###...######
##.##.............#
#.##...........).#
#..#.............#
###.#..###...######
.......# #...#
.......# #...######
.......###..........
.....>.@bs..........
.....######.........
... #......... .
#.........
#.........
.......... .......##
......#


You could see a scorpion and a bat.

Vanquished Creatures
  An adder (D:2)
  2 dart slugs (D:1)
  A leopard gecko (D:1)
  An orc (D:3)
  A ball python (D:2)
  7 giant cockroaches
  2 hobgoblins
  2 kobolds (D:2)
  4 bats (D:1)
  6 frilled lizards
  7 goblins
  9 rats
43 creatures vanquished.

Notes
Turn   | Place    | Note
-------+----------+-------------------------------------------
     0 | D:1      | MisterOstroum the Vine Stalker Skald began the quest for
                  | the Orb.
     0 | D:1      | Reached XP level 1. HP: 11/11 MP: 4/4
   251 | D:1      | Reached XP level 2. HP: 15/15 MP: 6/6
   493 | D:1      | Found a snail-covered altar of Cheibriados.
   855 | D:1      | Reached XP level 3. HP: 10/18 MP: 0/7
  1407 | D:2      | Found an iron altar of Okawaru.
  1417 | D:2      | Became a worshipper of Warmaster Okawaru
  1762 | D:2      | Found a runed translucent door.
  1763 | D:2      | Noticed Crazy Yiuf
  1852 | D:2      | Learned a level 2 spell: Song of Slaying
  1856 | D:2      | Learned a level 3 spell: Spectral Weapon
  2134 | D:3      | Gained mutation: Your natural rate of healing is unusually
                  | fast. [Vine Stalker growth]
  2134 | D:3      | Reached XP level 4. HP: 14/23 MP: 7/9
  2180 | D:3      | Gained mutation: You tend to lose your temper in combat.
                  | [potion of mutation]
  2180 | D:3      | Gained mutation: You are partially covered in icy blue
                  | scales. (AC +2) [potion of mutation]
  2180 | D:3      | HP: 1/23 [poisoned by a scorpion]
  2181 | D:3      | Succumbed to a scorpion's poison

Skill      XL: |  1 |
---------------+----+-----
Long Blades    | 2 |  2.9
Fighting       | |  1.7
Armour         | |  0.7
Dodging        | |  1.5
Spellcasting   | |  2.8
Charms         | |  3.5

Action                   |  1- 3 |  4- 6 || total
-------------------------+-------+-------++-------
Melee: Falchion          |   110 |    10 ||   120
       Bite              |    33 |     4 ||    37
Throw: Stone             |     3 |       ||     3
 Cast: Infusion          |     3 |       ||     3
  Use: Potion            |       |     2 ||     2
 Stab: Sleeping          |     1 |       ||     1
  Eat: Chunk             |     4 |       ||     4
Armor: Leather armour    |    13 |       ||    13
       Robe              |    16 |     7 ||    23
Dodge: Dodged            |    64 |    10 ||    74
       Rpst.: Falchion   |    19 |     3 ||    22
